 Dungeon Crawl Stone Soup version 0.29.0-13-gc9e81de378 (webtiles) character file.

Game seed: 11806030376547232437

2566 Ofeo the Firebug (level 10, -5/69 HPs)
             Began as a Meteoran Fire Elementalist on Sept 9, 2022.
             Was a Believer of Vehumet.
             Slain by an elephant (11 damage)
             ... on level 9 of the Dungeon.
             The game lasted 00:23:22 (1994 turns).

Ofeo the Firebug (Meteoran Fire Elementalist)       Turns: 1994, Time: 00:23:22

Health: -5/69      AC: 15    Str: 11    XL:     10   Next: 11%
Magic:  7/21       EV: 14    Int: 21    God:    Vehumet [**....]
Gold:   101        SH:  0    Dex: 14    Spells: 10/23 levels left

rFire   + . .      SeeInvis .   d - +3 dagger
rCold   . . .      Faith    .   (no shield)
rNeg    . . .      Spirit   .   j - +3 leather armour {rF+}
rPois   .          Reflect  .   (no helmet)
rElec   .          Harm     .   c - +0 cloak
rCorr   .          Rampage  .   p - +0 pair of gloves
Will    +....                   b - +2 pair of boots
Stlth   +.........              (no amulet)
HPRegen 0.21/turn               k - +4 ring of protection
MPRegen 0.17/turn               (no ring)

@: hasted, glowing, very quick
A: sense surroundings 2, otherworldly, glowing, explore regen
a: Renounce Religion


You were on level 9 of the Dungeon.
You worshipped Vehumet.
Vehumet was pleased with you.
You visited 2 branches of the dungeon, and saw 10 of its levels.
You also visited: Bailey.

You collected 159 gold pieces.
You spent 58 gold pieces at shops.

Inventory:

Hand Weapons
 d - a +3 dagger (weapon)
 l - a +1 dagger of speed
Armour
 a - a +0 robe
 b - a +2 pair of boots (worn)
 c - a +0 cloak (worn)
 j - a +3 leather armour of fire resistance (worn)
 n - the +2 scale mail of Hubris {*Corrode rPois rC- Dex+9}
   (You found it in a bailey)

   Dex:       It affects your dexterity (+9).
   rC:        It makes you vulnerable to cold.
   rPois:     It protects you from poison.
   *Corrode:  It may corrode you when you take damage.
 p - a +0 pair of gloves (worn)
Jewellery
 g - an amulet of guardian spirit
 k - a +4 ring of protection (left hand)
Scrolls
 i - 2 scrolls of identify {@r1}
 q - a scroll of acquirement {unknown}
Potions
 f - a potion of curing {unknown}
 h - a potion of haste {@q3}
 m - a potion of attraction
 o - 2 potions of cancellation {unknown}


   Skills:
 + Level 7.1 Dodging
 + Level 4.9 Stealth
 + Level 7.2 Spellcasting
 + Level 6.7 Conjurations
 + Level 7.7 Fire Magic


You had 10 spell levels left.
You knew the following spells:

 Your Spells              Type           Power      Damage    Failure   Level
a - Foxfire               Conj/Fire      100%       2x1d9     1%          1
b - Scorch                Fire           80%        2d9       1%          2
c - Conjure Flame         Conj/Fire      38%        6-21      1%          3
d - Inner Flame           Hex/Fire       23%        N/A       7%          3
e - Flame Wave            Conj/Fire      38%        2d10      5%          4

Your spell library contained the following spells:

 Spells                   Type           Power      Damage    Failure   Level
 Magic Dart               Conj           100%       1d8       1%          1
 Borgnjor's Revivificati  Necr           3%         N/A       100%        8
 Necromutation            Tmut/Necr      3%         N/A       100%        8
 Death's Door             Necr           3%         N/A       100%        9


Dungeon Overview and Level Annotations

Branches:
Dungeon (9/15) Zot: 3781   Temple (1/1) D:5 Zot: 574    Lair (0/5) D:9
 Bailey (visited)
    Orc: D:9-12

Altars:
Ashenzari
Cheibriados
Elyvilon
Kikubaaqudgha
Sif Muna
Trog
Vehumet
Xom
The Shining One

Shops:
D:8 [(:

Annotations:
D:8 2 runed translucent doors


Innate Abilities, Weirdness & Mutations

You passively map the area around you.
You are easily found by Zot.
You glow in the dark.
You regain HP and MP as you explore.


Message History

Vehumet accepts your kill.
The flame wave engulfs the skeletal warrior!
The skeletal warrior is severely damaged.
The black bear rages.
The elephant barely misses you.
The elephant trunk-slaps you but does no damage.
Your Dodging skill increases to level 7!
You now have 11/21 mp.
A wave of flame ripples out!
The flame wave engulfs the elephant!
The elephant is severely wounded.
The flame wave engulfs the black bear!
You kill the black bear!
Vehumet accepts your kill.
The flame wave engulfs the skeletal warrior but does no damage.
The skeletal warrior is severely damaged.
The flame wave engulfs the yak.
The yak is lightly wounded.
You finish channelling waves of flame.
The elephant barely misses you.
The elephant trunk-slaps you but does no damage.
You now have 10/21 mp.
Casting: Flame Wave (dangerous; 5% risk of failure)
Confirm with . or Enter, or press ? or * to list all spells.
Casting: Flame Wave (dangerous; 5% risk of failure)
Press: ? - help, Dir - look around, f - activate A wave of flame ripples out!
The flame wave engulfs the elephant!
The elephant is almost dead. (Press . to intensify the flame waves.)
You hear a bellow!
A yak comes into view.
The elephant tramples you!
* * * LOW HITPOINT WARNING * * *
You stumble backwards!
The yak moves out of view.
You take 11 damage, and have 19/69 hp.
You now have 6/21 mp.
The elephant tramples you!
* * * LOW HITPOINT WARNING * * *
You stumble backwards!
You take 13 damage, and have 6/69 hp.
Okay, then.
You feel yourself speed up. The elephant tramples you!
You die...

#.# #.# #.###.##########
###..............####
..z.................#
###.###.####.##..##.#
.........# #.##..##.#
.##.###..# #.##..##.#
.##.# #..###.##..##.#
.##.# #..##.YYzY@.#<#
##### #..##..##...###
Y.#####..##.[##...#
...#.Y.!..Y.......######
P...###................#
.............####.####.#
.......Y............
P..####..############
..## #.## * *


You could see an elephant, a skeletal warrior and 2 yaks.

Vanquished Creatures
  2 wyverns
  A water moccasin (D:8)
  2 black bears
  A sky beast (D:7)
  An ogre (D:5)
  3 centaurs
  A phantom (D:6)
  2 bullfrogs
  2 scorpions
  2 gnoll sergeants
  3 killer bees (D:8)
  6 wolf zombies (Bailey)
  A jelly (D:6)
  8 vampire bats (Bailey)
  2 hounds
  An orc priest (D:8)
  2 iguanas
  3 orc wizards (D:7)
  7 gnolls
  4 adders
  20 orcs
  2 giant cockroaches
  2 hobgoblins (D:2)
  2 kobolds
  A quokka (D:2)
  A ball python (D:2)
  7 goblins
  15 orc zombies (Bailey)
  3 rats
107 creatures vanquished.

Vanquished Creatures (others)
  160 foxfires
160 creatures vanquished.

Grand Total: 267 creatures vanquished

Notes
Turn   | Place    | Note
-------+----------+-------------------------------------------
     0 | D:1      | Ofeo the Meteoran Fire Elementalist began the quest for the
                  | Orb.
     0 | D:1      | Reached XP level 1. HP: 14/14 MP: 5/5
    52 | D:2      | Reached XP level 2. HP: 11/20 MP: 0/6
    91 | D:2      | Learned a level 2 spell: Scorch
   150 | D:2      | Reached XP level 3. HP: 26/26 MP: 1/8
   195 | D:2      | Found a shimmering altar of Xom.
   209 | D:1      | Found a faded altar of an unknown god.
   325 | D:5      | Entered Level 5 of the Dungeon
   330 | D:5      | Reached XP level 4. HP: 27/33 MP: 6/9
   332 | D:5      | Noticed an ogre
   343 | D:5      | Killed an ogre
   344 | D:5      | Reached XP level 5. HP: 5/38 MP: 2/11
   369 | D:6      | Found a shimmering blue altar of Sif Muna.
   382 | D:6      | Reached XP level 6. HP: 26/45 MP: 3/12
   426 | D:7      | Noticed a sky beast
   438 | D:6      | Found an ancient bone altar of Kikubaaqudgha.
   531 | D:6      | Reached skill level 5 in Fire Magic
   551 | D:6      | Noticed a black bear
   560 | D:6      | Killed a black bear
   561 | D:6      | Reached XP level 7. HP: 50/50 MP: 8/14
   567 | D:6      | Noticed a wyvern
   573 | D:6      | Killed a wyvern
   647 | D:5      | Reached XP level 8. HP: 57/57 MP: 11/16
   670 | D:5      | Found a staircase to the Ecumenical Temple.
   678 | Temple   | Entered the Ecumenical Temple
   693 | Temple   | Became a worshipper of Vehumet
   798 | D:7      | Reached skill level 5 in Spellcasting
   885 | D:7      | Reached skill level 5 in Dodging
   893 | D:7      | Learned a level 3 spell: Conjure Flame
   897 | D:7      | Learned a level 3 spell: Inner Flame
   902 | D:7      | Learned a level 4 spell: Flame Wave
   975 | D:7      | Found a flagged portal.
   981 | Bailey   | Entered a bailey
  1026 | Bailey   | Reached skill level 5 in Conjurations
  1027 | Bailey   | Reached * piety under Vehumet
  1027 | Bailey   | Offered knowledge of Sandblast by Vehumet.
  1079 | Bailey   | Gained mutation: You passively map the area around you.
                  | [Meteoran growth]
  1079 | Bailey   | Reached XP level 9. HP: 41/62 MP: 0/18
  1233 | Bailey   | Identified the +2 scale mail of Hubris {*Corrode rPois rC-
                  | Dex+9}
  1268 | Bailey   | Identified the +0 chain mail of Wooqeloa {rN+}
  1285 | Bailey   | Noticed a gargoyle
  1446 | D:7      | Reached ** piety under Vehumet
  1542 | D:7      | Offered knowledge of Magic Dart by Vehumet.
  1664 | D:8      | Found Inies's Armour Boutique.
  1681 | D:8      | Bought a +0 pair of gloves for 58 gold pieces
  1721 | D:8      | Noticed a brown ugly thing
  1721 | D:8      | Identified the +11 dagger of Vauneu {chaos, *Rage +Blink
                  | Fly Stlth+}
  1721 | D:8      | Identified the +2 robe "Pivy" {Int+4}
  1721 | D:8      | Noticed a kobold demonologist
  1723 | D:8      | Noticed a red ugly thing
  1732 | D:8      | Found Tamoli Ujoe's Weapon Emporium.
  1759 | D:8      | Found a large runed translucent door.
  1760 | D:8      | Found a large runed translucent door.
  1773 | D:8      | Found Dimoto's Book Shop.
  1860 | D:8      | Reached XP level 10. HP: 62/69 MP: 12/21
  1869 | D:9      | Noticed a skeletal warrior
  1869 | D:9      | Noticed a skeletal warrior
  1869 | D:9      | Noticed a skeletal warrior
  1869 | D:9      | Noticed a skeletal warrior
  1967 | D:9      | Found a staircase to the Lair.
  1967 | D:9      | Noticed an elephant
  1994 | D:9      | Slain by an elephant

Illustrated notes

Levels and vault maps discovered:
D:1:      lightli_arrival_flooded_house, layout_loops_cross,
          shapermc_ecumenical_altar_acropolis
D:2:      layout_loops_ring, basic_altar, grunt_ministairs_9,
          minmay_stone_trees_small, minmay_quantized
D:3:      layout_basic, mainiacjoe_overflow_swirl, kennysheep_jessica_study,
          uniq_jessica
D:4:      cheibrodos_greedy_goblins, layout_loops_corners, portal_sewer_entry_f
D:5:      layout_cave_pods, minmay_temple_entry_drinking_statues
D:6:      layout_loops_corners, kennysheep_mini_moat,
          chequers_temple_overflow_minitemple, nicolae_sif_muna_condensation
D:7:      layout_gridville, enter_bailey_3, bh_walls_and_bars
D:8:      due_chaos_kobolds, layout_layer_cave, serial_shops,
          nicolae_shop_hallway_stairs, nicolae_lakefront_shop,
          nicolae_lakefront_shop, shop, shop, kennysheep_generic_room_8
D:9:      wad_cavern_with_rooms, layout_basic, amethyst_overflow_temple_binary,
          david_lair_generic, minmay_statue_bubble
Temple:   nicolae_temple_bog_church

Skill      XL: |  1  2  3  4  5  6  7  8  9 10 |
---------------+-------------------------------+-----
Spellcasting   | 3 4 5 7 |  7.2
Fire Magic     | 4 5 6 7 |  7.7
Conjurations   | 2 3 4 5 6 |  6.7
Dodging        | 3 4 5 6 7 |  7.1
Stealth        | 2 3 4 |  4.9

Action                   |  1- 3 |  4- 6 |  7- 9 | 10-12 || total
-------------------------+-------+-------+-------+-------++-------
Melee: Unarmed           |     1 |       |       |       ||     1
       Dagger            |       |       |    47 |       ||    47
 Cast: Foxfire           |    25 |    24 |    37 |     1 ||    87
       Scorch            |     7 |    12 |    79 |     6 ||   104
       Flame Wave        |       |       |     7 |     4 ||    11
       Conjure Flame     |       |       |     1 |     1 ||     2
       Inner Flame       |       |       |     5 |       ||     5
  Use: Potion            |       |     1 |     2 |     1 ||     4
       Scroll            |       |       |     9 |     1 ||    10
Armor: Robe              |     1 |       |       |       ||     1
       Leather armour    |       |     2 |    83 |    15 ||   100
Dodge: Dodged            |     6 |     5 |   100 |    20 ||   131
